 Dungeon Crawl Stone Soup version 0.29-a0-775-g4d7333d4e2 (webtiles) character file.

Game seed: 1520130059223899201

228 nicolae the Ruffian (level 5, -6/40 HPs)
             Began as a Draconian Transmuter on July 2, 2022.
             Mangled by a gnoll
             ... wielding a +0 halberd
             ... led by a bouda
              (16 damage)
             ... on level 4 of the Dungeon.
             The game lasted 00:05:20 (3796 turns).

nicolae the Ruffian (Draconian Transmuter)          Turns: 3796, Time: 00:05:21

Health: -6/40      AC:  2    Str: 13    XL:     5   Next: 71%
Magic:  6/10       EV: 19    Int: 15    God:
Gold:   346        SH:  0    Dex: 16    Spells: 0/10 levels left

rFire   . . .      SeeInvis .     - Unarmed
rCold   . . .      Faith    .   (shield currently unavailable)
rNeg    . . .      Spirit   .   (body armour unavailable)
rPois   .          Reflect  .   (helmet currently unavailable)
rElec   .          Harm     .   (cloak currently unavailable)
rCorr   .          Rampage  .   (gloves currently unavailable)
Will    .....                   (boots currently unavailable)
Stlth   +.........              (no amulet)
HPRegen 0.13/turn               g - ring of poison resistance
MPRegen 0.12/turn               (no ring)

@: spider-form, weakened, wereblooded (expiring)
A: venomous fangs, AC +5, tiny, unfitting armour, (cold-blooded)
a: End Transformation


You were on level 4 of the Dungeon.
You were a venomous arachnid creature.
You visited 1 branch of the dungeon, and saw 4 of its levels.
You also visited: Ossuary.

You collected 346 gold pieces.

Inventory:

Missiles
 d - 6 poisoned darts
Jewellery
 g - a ring of poison resistance (left front leg)
Wands
 j - a wand of quicksilver (8)
Scrolls
 b - a scroll of enchant armour {unknown}
 c - a scroll of torment {unknown}
 e - a scroll of immolation {unknown}
 f - a scroll of blinking {unknown}
 i - a scroll of identify {unknown}
 k - 3 scrolls of fog {unknown}
 l - a scroll of silence {unknown}
 n - a scroll of teleportation {unknown}
 p - a scroll of noise {unknown}
Potions
 a - 2 potions of lignification
 h - a potion of heal wounds {unknown}
 m - a potion of mutation {unknown}


   Skills:
 - Level 1.1 Fighting
 - Level 1.7 Dodging
 + Level 4.3 Unarmed Combat
 + Level 3.3 Spellcasting
 + Level 3.6 Transmutations
 + Level 1.7 Poison Magic


You couldn't memorise any spells.
You knew the following spells:

 Your Spells              Type           Power      Damage    Failure   Level
a - Beastly Appendage     Tmut           26%        N/A       13%         1
b - Wereblood             Tmut           13%        N/A       17%         2
c - Spider Form           Tmut/Pois      10%        N/A       38%         3
d - Ice Form              Ice/Tmut       8%         N/A       83%         4

Your spell library contained the following spells:

 Spells                   Type           Power      Damage    Failure   Level
 Passwall                 Tmut/Erth      6%         N/A       32%         2
 Poisonous Vapours        Pois/Air       10%        N/A       41%         2
 Ensorcelled Hibernation  Hex/Ice        4%         N/A       50%         2
 Swiftness                Air            2%         N/A       71%         3
 Corpse Rot               Necr/Pois/Air  4%         N/A       94%         4


Dungeon Overview and Level Annotations

Branches:
Dungeon (4/15)            Ossuary (visited)
 Temple: D:4-7

Altars:
Okawaru

Shops:
D:3 *


Innate Abilities, Weirdness & Mutations

You are a venomous arachnid creature.
You have poisonous fangs.
You are tiny and dextrous.
Your spellcasting is less reliable in this form.
Your armour is entirely melded.
You are incapable of wielding weapons or throwing items.
((Your plain brown scales are hard. (AC +5)))
You cannot fit into any form of body armour.
((You are cold-blooded and may be slowed by cold attacks.))


Message History

The gnoll closely misses you. The gnoll barely misses you.
You barely miss the bouda. You tail-slap the bouda.
The bouda is moderately wounded.
The gnoll barely misses you.
The gnoll hits you from afar with a +0 spear.
The bouda completely misses you.
The gnoll hits you from afar with a +0 halberd!
You are too injured to fight recklessly!
You are too injured to fight recklessly!
You are too injured to fight recklessly!
You are too injured to fight recklessly!
The bouda gazes fiercely through you!
You feel as though you will be weak longer.
You closely miss the bouda.
The bouda is moderately wounded.
The gnoll barely misses you. The bouda closely misses you.
You feel better. The gnoll hits you but does no damage.
The bouda gazes fiercely through you!
You feel as though you will be weak longer.
The bouda hits you with a +0 whip.
Casting: Beastly Appendage (safe; 4% risk of failure)
Confirm with . or Enter, or press ? or * to list all spells.
The spell is quite dangerous to miscast (19% risk of failure)!
Continue anyway?
Your horns disappear.
Your talons disappear.
You turn into a venomous arachnid creature.
The gnoll misses you. The bouda hits you with a +0 whip!
The gnoll closely misses you. The bouda attacks as you move away!
The bouda hits you with a +0 whip.
* * * LOW HITPOINT WARNING * * *
The gnoll attacks as you move away! The gnoll misses you.
The gnoll is no longer moving quickly.
The bouda gazes fiercely through you!
You feel as though you will be weak longer.
The gnoll attacks as you move away! The gnoll barely misses you.
The bouda barks out a call to the hunt!
The gnoll picks up the pace!
The gnoll attacks as you move away! The gnoll closely misses you.
Your primal bloodlust is almost over.
The gnoll hits you from afar with a +0 halberd!
You die...

#........[.# ##..## #...# ##
#..........# #..## #...# ##8
...........#####..# #...# #..
.............[##..# ##...###..
#####...#####..#..######....∩....
##..## ##.#............###..
#...#####...#..........# #..
###........#.............# ##8
#........#...s.g..<......# ##
#............g...........#
#............#.gg........#
#.........#..#..g........#
#............##..........#####
####.####.##..................
...##.>.###...........##....
#........# ##................
...#......# #..........##....


You could see a bouda and 4 gnolls.

Vanquished Creatures
  2 centaur zombies (Ossuary)
  An orc priest (D:3)
  2 mummies (Ossuary)
  5 adders
  A worm (D:2)
  7 orcs (D:3)
  4 ball pythons
  10 bats
  4 endoplasms
  3 goblins
  2 hobgoblins
  2 jackals (D:4)
  2 quokkas
  4 gnoll zombies (Ossuary)
  2 goblin zombies (Ossuary)
  3 hobgoblin zombies (Ossuary)
  3 kobolds
  3 orc zombies (Ossuary)
  3 rats
63 creatures vanquished.

Notes
Turn   | Place    | Note
-------+----------+-------------------------------------------
     0 | D:1      | nicolae the Draconian Transmuter began the quest for the
                  | Orb.
     0 | D:1      | Reached XP level 1. HP: 16/16 MP: 3/3
   377 | D:1      | Reached XP level 2. HP: 18/23 MP: 5/5
   513 | D:1      | Learned a level 2 spell: Wereblood
   603 | D:1      | Found a faded altar of an unknown god.
  1652 | D:2      | Reached XP level 3. HP: 26/28 MP: 4/6
  2460 | D:3      | Reached XP level 4. HP: 35/35 MP: 6/8
  2489 | D:3      | Learned a level 3 spell: Spider Form
  2777 | D:3      | Found Xofral's General Store.
  2962 | D:3      | Reached skill level 4 in Unarmed Combat
  3274 | D:4      | Found a sand-covered staircase.
  3287 | Ossuary  | Entered an ossuary
  3297 | Ossuary  | Reached skill level 1 in Poison Magic
  3303 | Ossuary  | Reached XP level 5. HP: 36/40 MP: 6/9
  3660 | D:4      | Found an iron altar of Okawaru.
  3754 | D:4      | Learned a level 4 spell: Ice Form
  3796 | D:4      | Mangled by a gnoll

Illustrated notes

Levels and vault maps discovered:
D:1:      dpeg_arrival_simpleton_a, layout_basic,
          hellmonk_ecumenical_altar_pennies_from_heaven,
          minmay_misc_feat_encased
D:2:      layout_basic
D:3:      layout_basic, serial_shops, nicolae_diamond_shop
D:4:      layout_rooms, marbit_many_paths, chequers_ossuary_entry_cave,
          nicolae_figureground_sparkle

Skill      XL: |  1  2  3  4 |
---------------+-------------+-----
Transmutations | 3 |  3.6
Spellcasting   | 3 |  3.3
Unarmed Combat | 4 |  4.3
Poison Magic   | 1 |  1.7
Fighting       | |  1.1
Dodging        | |  1.7

Action                   |  1- 3 |  4- 6 || total
-------------------------+-------+-------++-------
Melee: Unarmed           |    91 |   107 ||   198
       Kick              |    17 |    30 ||    47
       Tailslap          |     7 |    18 ||    25
       Headbutt          |     6 |    14 ||    20
       Punch             |     1 |     3 ||     4
 Cast: Beastly Appendage |    26 |    11 ||    37
       Wereblood         |       |     6 ||     6
       Spider Form       |       |     1 ||     1
  Use: Potion            |     1 |     2 ||     3
 Stab: Sleeping          |     1 |       ||     1
Armor: Skin              |    28 |    60 ||    88
Dodge: Dodged            |    51 |   129 ||   180

Table legend: (Time is in decaauts)
 A = Elapsed time spent in this place.
 B = Non-inter-level travel time spent in this place.
 C = Inter-level travel time spent in this place.
 D = Time resting spent in this place.
 E = Time spent auto-exploring this place.
 F = Levels seen in this place.
 G = Mean time per level.
                   A        B        C        D        E       F      G
               +--------+--------+--------+--------+--------+-----+--------+
         Total |   3787 |   3735 |     52 |    661 |   2499 |   5 |  757.4 |
       Dungeon |   3447 |   3395 |     52 |    466 |   2499 |   4 |  861.8 |
       Ossuary |    340 |    340 |      0 |    195 |      0 |   1 |  340.0 |
               +--------+--------+--------+--------+--------+-----+--------+

Top non-repeatable levels by time:
     D:1: 1308 daAuts
     D:3: 1116 daAuts
     D:2: 842 daAuts
 Ossuary: 340 daAuts
     D:4: 179 daAuts
